 Seeded DCSS version 0.30.1-9-gdf580d7c3d (webtiles) character file.

Game seed: 15734390716694237801 (custom seed)

7 Psyclone the Stinger (level 1, 7/10 HPs)
             Began as a Deep Elf Venom Mage on Sept 29, 2023.
             Quit the game on level 1 of the Dungeon.
             The game lasted 00:03:20 (285 turns).

Psyclone the Stinger (Deep Elf Venom Mage)           Turns: 285, Time: 00:03:21

Health: 7/10       AC:  2    Str:  5    XL:     1   Next: 91%
Magic:  6/6        EV: 12    Int: 19    God:
Gold:   372        SH:  0    Dex: 15    Spells: 5/6 levels left

rFire   . . .        (no weapon)
rCold   . . .        (no shield)
rNeg    . . .        a - +0 robe
rPois   .            (no helmet)
rElec   .            (no cloak)
rCorr   .            (no gloves)
SInv    .            (no boots)
Will    .....        (no amulet)
Stlth   ++           (no ring)
HPRegen 0.21/turn    (no ring)
MPRegen 0.10/turn

%: no passive effects
@: weak-willed, hasted, very quick
A: no striking features
a: no special abilities


You were on level 1 of the Dungeon.
You visited 1 branch of the dungeon, and saw 2 of its levels.

You collected 846 gold pieces.
You spent 474 gold pieces at shops.

Inventory:

Hand Weapons
 k - a +2 quarterstaff of holy wrath
Armour
 a - a +0 robe (worn)
Scrolls
 c - a scroll of poison {unknown}
 g - a scroll of blinking
 i - 4 scrolls of identify {unknown}
 j - a scroll of enchant armour {unknown}
Potions
 b - a potion of magic
 d - a potion of berserk rage {unknown}
 e - 2 potions of curing {unknown}
 f - a potion of lignification {unknown}
 h - 2 potions of mutation {unknown}
 p - a potion of might {unknown}


   Skills:
 - Level 2.4 Dodging
 - Level 2.4 Stealth
 - Level 3.0 Spellcasting
 - Level 1.1 Transmutations
 + Level 3.9 Poison Magic


You had 5 spell levels left.
You knew the following spells:

 Your Spells              Type           Power      Damage    Failure   Level
a - Sting                 Tmut/Pois      48%        1d5       5%          1

Your spell library contained the following spells:

 Spells                   Type           Power      Damage    Failure   Level
 Poisonous Vapours        Pois/Air       20%        N/A       11%         2
 Mephitic Cloud           Conj/Pois/Air  7%         N/A       26%         3
 Olgreb's Toxic Radiance  Pois           17%        N/A       30%         4


Dungeon Overview and Level Annotations

Branches:
Dungeon (2/15) Zot: 11714

Altars:

Shops:
D:1 *


Message History

You hit the hobgoblin.
You kill the hobgoblin!
You see here a hobgoblin corpse.
You start resting.
HP restored.
Health restored: 10 You start resting.
Magic restored.
MP restored: 6
i - 2 scrolls labelled ZOTWIM EL REN
j - a scroll labelled FAGET OLIH
Found Peiluom's Assorted Antiques.
There is an entrance to Peiluom's Assorted Antiques here.
Unknown command.
Something appears at your feet!
You now have 846 gold pieces (gained 844).
g - a scroll labelled OVOISIUWOS;
k - a +2 quarterstaff of holy wrath
i - 3 scrolls labelled ZOTWIM EL REN (gained 1)
i - 4 scrolls labelled ZOTWIM EL REN (gained 1)
l - a scroll labelled EXECVO SIOBB
g - 2 scrolls labelled OVOISIUWOS (gained 1)
m - a metallic blue potion;
n - a scroll labelled AMATSA WAHUNOL
o - a scroll labelled AMAMUE DOTEMNO;
p - a viscous yellow potion Thank you for shopping at Peiluom's Assorted Antiques!
Okay, then.
As you read the scroll labelled AMATSA WAHUNOL, it crumbles to dust.
Your body is wracked with pain!
It was a scroll of torment.
You take 3 damage, and have 7/10 hp.
MASSIVE DAMAGE!!
As you read the scroll labelled AMAMUE DOTEMNO, it crumbles to dust.
The scroll dissolves into smoke.
It was a scroll of fog.
As you read the scroll labelled EXECVO SIOBB, it crumbles to dust.
Magic quickly surges around you.
It was a scroll of vulnerability.
Blink to where?
Press: ? - help, Dir - move target
As you read the scroll labelled OVOISIUWOS, it crumbles to dust.
It was a scroll of blinking.
It was a potion of haste.
You feel yourself speed up.
Okay, then.
Unknown command.
Are you sure you want to abandon this character and quit the game? (Confirm with "yes".)

#####..........#
....#..........#
....#..>.......#
...............##
.†..............#
....##..........#
....##..........####
.....#.....#..#§§§§#
.....#.....#..#§@§§#
...#.#.....#..#§§§§#
##.#.#.....#..#.§§§#
#.#.#........#.####
#######.##.# ...#.#
##. #.


There were no monsters in sight!

Vanquished Creatures
  A bat (D:1)
  2 hobgoblins (D:1)
  A quokka (D:2)
  2 frilled lizards (D:1)
  A rat (D:1)
7 creatures vanquished.

Notes
Turn   | Place    | Note
-------+----------+-------------------------------------------
     0 | D:1      | Psyclone the Deep Elf Venom Mage began the quest for the
                  | Orb.
     0 | D:1      | Reached XP level 1. HP: 10/10 MP: 6/6
     1 | D:1      | Noticed an electric eel
   102 | D:2      | Identified a scroll of acquirement
   267 | D:1      | Found Peiluom's Assorted Antiques.
   276 | D:1      | Acquired 844 gold pieces
   278 | D:1      | Bought a scroll labelled OVOISIUWOS for 30 gold pieces
   278 | D:1      | Bought a runed quarterstaff for 210 gold pieces
   278 | D:1      | Bought a scroll labelled ZOTWIM EL REN for 30 gold pieces
   278 | D:1      | Bought a scroll labelled ZOTWIM EL REN for 30 gold pieces
   278 | D:1      | Bought a scroll labelled EXECVO SIOBB for 30 gold pieces
   278 | D:1      | Bought a scroll labelled OVOISIUWOS for 30 gold pieces
   278 | D:1      | Bought a metallic blue potion for 27 gold pieces
   278 | D:1      | Bought a scroll labelled AMATSA WAHUNOL for 30 gold pieces
   278 | D:1      | Bought a scroll labelled AMAMUE DOTEMNO for 30 gold pieces
   278 | D:1      | Bought a viscous yellow potion for 27 gold pieces
   285 | D:1      | Quit the game

Illustrated notes

Levels and vault maps discovered:
D:1:      arrival_aquarium_a, layout_basic, serial_shops, shop,
          shapermc_ecumenical_altar_mp_highgroup
D:2:      layout_basic, kennysheep_decorative_pillar, due_unseen_surprise

Action                     || total
---------------------------++-------
  Melee: Unarmed           ||     1
   Cast: Sting             ||    18
    Use: Scroll            ||     5
         Potion            ||     1
 Armour: Robe              ||     2
  Dodge: Dodged            ||    11
